AoeStats
← BetzeGunner

Black Forest

510185220Analyzed
2v2 RM · 18h ago on Sep 29, 2026· 60m 51s· 4 players
Game mode
Random Map
Map size
Medium (4 player)
Population
200
Speed
Normal
Resources
Standard
Victory
Conquest
Starting age
Dark Age
Ending age
Imperial Age
RankedLock teamsTeams togetherTeam positionsShared explorationLock speedFull tech treeHidden civsTurbo modeCheats
Victory
Defeat
🇺🇸 Teutons · United States
913
+17
🇺🇸 Romans · United States
884
+18
🇩🇪 Georgians · Germany
932
-17
🇩🇪 Chinese · Germany
932
-18
elmapuche4098
7:03 Loom
9:55 Feudal Age
8:15 Loom
10:01 Feudal Age
10:53 Double-Bit Axe
10:48 Horse Collar
19:06 Castle Age
20:02 Bow Saw
19:53 Heavy Plow
30:09 Wheelbarrow
30:05 Stone Mining
31:08 Gold Mining
32:42 Gold Shaft Mining
34:49 Imperial Age
32:44 Hand Cart
34:39 Ballistics
34:19 Murder Holes
34:58 Caravan
35:59 Heavy Scorpion
40:09 Chemistry
41:37 Ballistas
42:34 Squires
43:25 Fletching
43:24 Sappers
45:40 Bodkin Arrow
46:00 Fortified Wall
45:58 Siege Engineers
47:29 Pikeman
51:10 Halberdier
53:46 Forging
53:37 Scale Mail Armor
54:03 Comitatenses
55:36 Iron Casting
59:58 Blast Furnace
59:13 Chain Mail Armor
59:13 Fortified Wall
59:15 Masonry
EliteDeer040809
7:30 Loom
10:08 Feudal Age
11:07 Double-Bit Axe
11:10 Horse Collar
14:50 Wheelbarrow
14:54 Gold Mining
14:59 Stone Mining
21:44 Castle Age
30:47 Hand Cart
34:18 Imperial Age
36:30 Bow Saw
36:21 Heavy Plow
37:35 Forging
37:45 Bloodlines
39:32 Cavalier
47:45 Iron Casting
47:16 Scale Barding Armor
54:06 Blast Furnace
53:27 Chain Barding Armor
52:33 Paladin
54:28 Hoardings
54:14 Conscription
56:48 Ballistics
57:29 Chemistry
57:26 Crenellations
58:36 Plate Barding Armor
papaploufdansleau
0:30 Loom
13:39 Feudal Age
14:50 Double-Bit Axe
15:42 Man-at-Arms
20:47 Horse Collar
25:24 Castle Age
26:48 Bow Saw
26:32 Gold Mining
29:45 Scale Barding Armor
30:06 Heavy Plow
31:45 Wheelbarrow
31:24 Bloodlines
31:56 Husbandry
33:29 Chain Barding Armor
44:58 Imperial Age
46:06 Heavy Rocket Cart
46:13 Cavalier
48:55 Plate Barding Armor
48:59 Conscription
50:46 Forging
BetzeGunner
6:53 Loom
7:08 Loom
9:32 Feudal Age
7:47 Loom
12:03 Loom
16:46 Double-Bit Axe
19:37 Bloodlines
22:45 Castle Age
24:21 Husbandry
27:00 Scale Barding Armor
27:05 Forging
28:08 Wheelbarrow
27:19 Town Watch
27:43 Gold Mining
45:28 Imperial Age
45:51 Cavalier
46:57 Chain Barding Armor
47:13 Iron Casting
47:34 Conscription
50:43 Blast Furnace
50:19 Plate Barding Armor
52:22 Hand Cart
52:12 Town Patrol
53:21 Conscription
53:58 Fortified Wall
54:27 Aznauri Cavalry
Connection lost

Rejoining the realm…

Still unreachable

The connection could not be restored.

Session expired

The server has moved on; the page needs a fresh start.